[Event "Late-Titled-Tuesday-Blitz-February-27-2024"]
[Site "Chess.com"]
[Date "2024.02.27"]
[Round "4"]
[White "Journey_to_GrandMaster_YT"]
[Black "Felix-Rose"]
[Result "1-0"]
[WhiteElo "2500"]
[BlackElo "2271"]
[TimeControl "180+1"]
[EndTime "14:40:25 PST"]
[Termination "Journey_to_GrandMaster_YT won by resignation"]

1. d4 d5 2. c4 e6 3. Nc3 Nf6 4.
cxd5 exd5 5. Bg5 c6 6. e3 Be7 7.
Bd3 Nbd7 8. Nge2 h6 9. Bh4 Nh5 10. Bxe7 Qxe7 11. Qc2 Nb6 12. h3 Be6 13. g4 Nf6 14.
Nf4 Bd7 15. O-O-O O-O-O 16. Kb1 Kb8 17. Qb3 g5 18. Nfe2 h5 19. gxh5 Rxh5 20. Rdg1 Rdh8 21.
a4 g4 22. Nf4 R5h6 23. a5 Nc8 24. h4 Rxh4 25. Rxh4 Rxh4 26. Na4 Ne4 27. Bxe4 Qxe4+ 28. Ka2 Nd6 29. Nc5 Qe8 30. Nxb7 Nxb7 31. a6 Qc8 32.
Nd3 Ka8 33. axb7+ Qxb7 34. Qa3 Rh8 35. Nc5 Qc7 36. Rc1 Bf5 37. Na6 Qb7 38. Nb4 Rc8 39. Qa4 Bd7 40. Rc5 f5 41. Ka3 Qb6 42. Nd3 Rb8 43.
b4 Bc8 44. Rxc6 Qb5 45. Qxb5 Rxb5 46. Rxc8+ Kb7 47. Rc5 Rb6 48. Rxd5 1-0

[Event "Late-Titled-Tuesday-Blitz-February-27-2024"]
[Site "Chess.com"]
[Date "2024.02.27"]
[Round "4"]
[White "js20000"]
[Black "Firouzja2003"]
[Result "0-1"]
[WhiteElo "2831"]
[BlackElo "3069"]
[TimeControl "180+1"]
[EndTime "14:40:27 PST"]
[Termination "Firouzja2003 won by resignation"]

1. Nf3 Nf6 2. c4 e6 3. g3 d5 4. Bg2 d4 5. d3 Nc6 6. O-O Be7 7. e3 e5 8. exd4 exd4 9. Bg5 O-O 10. Nbd2 Bf5 11. Qb3 Rb8 12. Rfe1 h6 13. Bxf6 Bxf6 14. Ne4 Be7 15. Qb5 Bh7 16. a3 a6 17. Qd5 Re8 18. b4 Bf8 19. Rad1 a5 20. Qxd8 Rbxd8 21. b5 Nb8 22. Ra1 Nd7 23. Bf1 Nb6 24. Ned2 Rxe1 25.
Nxe1 Na4 26. Nb3 b6 27. Nf3 Nb2 28. Nbxd4 Nxd3 29. Nc6 Re8 30. Rd1 Nc5 31. Nfe5 Bd6 32. Ng4 Bc2 33. Rc1 Be4 34. Ne3 Nb3 35. Rc3 Nd2 36.
Bg2 Nb1 37. Rb3 Nxa3 38. Bxe4 Rxe4 39. Nd5 Nxc4 40. Kg2 a4 41. Rc3 a3 42. Rc2 Nb2 43. Nc3 Rc4 0-1

[Event "Late-Titled-Tuesday-Blitz-February-27-2024"]
[Site "Chess.com"]
[Date "2024.02.27"]
[Round "4"]
[White "lamomiajunior"]
[Black "Perecke"]
[Result "1-0"]
[WhiteElo "2729"]
[BlackElo "2544"]
[TimeControl "180+1"]
[EndTime "14:40:28 PST"]
[Termination "lamomiajunior won by resignation"]

1. d4 Nf6 2. Nc3 d5 3. Bf4 a6 4. e3 c5 5. dxc5 Nc6 6. a3 e5 7. Bg5 d4 8. exd4 exd4 9. Ne4 Bf5 10. Bxf6 gxf6 11. Qf3 Qa5+ 12. b4 Nxb4 13. Qxf5 Nxc2+ 14. Kd1 Nxa1 15. Nxf6+ Ke7 16. Nd5+ Kd8 17. Qf6+ Ke8 18.
Qe5+ Kd8 19. Qf6+ Ke8 20. Qe5+ Kd8 21. Nb6 Qxc5 22. Qf6+ Ke8 23. Bc4 Qe7 24. Qxh8 Qxa3 25. Qe5+ Be7 26. Nf3 Nc2 27. Qh8+ Bf8 28. Kxc2 Qc3+ 29.
Kd1 Qa1+ 30. Ke2 Qxh1 31. Qe5+ Be7 32. Qh8+ Bf8 33. Ne5 d3+ 34. Nxd3 Qb1 35. Qe5+ Be7 36. Nd5 Qc2+ 37. Kf3 Qd1+ 38. Kg3 Kf8 39. Qxe7+ Kg8 40. Nf6+ Kh8 41. Qxf7 1-0

[Event "Late-Titled-Tuesday-Blitz-February-27-2024"]
[Site "Chess.com"]
[Date "2024.02.27"]
[Round "4"]
[White "FernandoArauzAlonso"]
[Black "egnfanclub"]
[Result "1/2-1/2"]
[WhiteElo "2584"]
[BlackElo "2407"]
[TimeControl "180+1"]
[EndTime "14:40:30 PST"]
[Termination "Game drawn - insufficient material"]

1. Nf3 Nf6 2. g3 b5 3. Bg2 Bb7 4. O-O e6 5. d3 c5 6. b3 Be7 7. Bb2 O-O 8. c4 b4 9. Nbd2 d5 10. cxd5 exd5 11. Rc1 Qb6 12. Qc2 Nbd7 13. Rfe1 Rfe8 14.
Qb1 a5 15. Ne5 Nxe5 16. Bxe5 a4 17. Qb2 axb3 18. axb3 Ra3 19. Ra1 Rea8 20. h3 Qa5 21. g4 Rxa1 22. Rxa1 Qxa1+ 23. Qxa1 Rxa1+ 24. Bxa1 Nd7 25.
f4 Bd6 26. e3 Ba6 27. Bxd5 Bxd3 28. Kf2 Nb6 29. Be4 Bxe4 30. Nxe4 Be7 31. Nd2 f6 32. e4 Kf7 33. Ke3 Ke6 34. f5+ Kd7 35. g5 Kc6 36. g6 hxg6 37. fxg6 Kb5 38. Kd3 Bd6 39. Bxf6 Bf8 40.
Bb2 Kc6 41. Nc4 Nc8 42. h4 Ne7 43. h5 Kd7 44. h6 gxh6 45. g7 Bxg7 46. Bxg7 h5 47.
Bf6 Ng6 48. Ke3 Ke6 49. Bg5 h4 50. Kf3 h3 51. Kg3 Ne5 52. Nxe5 Kxe5 53. Be7 c4 54. Bxb4 cxb3 55. Kxh3 Kxe4 56. Ba3 Kd3 57. Bb2 Kc2 58. Bd4 Kb1 59. Be5 Ka2 60. Bd4 b2 61. Bxb2 1/2-1/2

[Event "Late-Titled-Tuesday-Blitz-February-27-2024"]
[Site "Chess.com"]
[Date "2024.02.27"]
[Round "4"]
[White "tandaleo"]
[Black "BebeBonito2022"]
[Result "1-0"]
[WhiteElo "2501"]
[BlackElo "2305"]
[TimeControl "180+1"]
[EndTime "14:40:30 PST"]
[Termination "tandaleo won by resignation"]

1. d4 Nf6 2. Bf4 d5 3. e3 c5 4. Nf3 Nc6 5. Nbd2 cxd4 6. exd4 Bf5 7. c3 e6 8. Ne5 Bd6 9. Ndf3 O-O 10. Be2 Ne4 11. O-O f6 12. Nxc6 bxc6 13. Bxd6 Qxd6 14. Nh4 Rab8 15. Nxf5 exf5 16. Qc2 Rfe8 17. Rfe1 f4 18. Bd3 f3 19. Bxe4 dxe4 20. Rxe4 Rxe4 21. Qxe4 fxg2 22.
b4 Qd7 23. Kxg2 Re8 24. Qf3 Qe6 25. a4 h6 26. Rd1 f5 27. d5 Qg6+ 28. Qg3 Qxg3+ 29.
hxg3 cxd5 30. Rxd5 Rc8 31. Ra5 Rxc3 32. Rxa7 Rc4 33. b5 Rb4 34. Ra6 g5 35. b6 f4 36.
gxf4 gxf4 37. a5 Kf7 38. Ra7+ Ke6 39. b7 Kf5 40. a6 Kg4 41. Ra8 f3+ 42. Kh2 Rb2 43.
b8=Q Rxf2+ 44. Kg1 Rg2+ 45. Kf1 1-0

[Event "Late-Titled-Tuesday-Blitz-February-27-2024"]
[Site "Chess.com"]
[Date "2024.02.27"]
[Round "4"]
[White "pirulillo"]
[Black "ncofre98"]
[Result "1-0"]
[WhiteElo "2235"]
[BlackElo "2463"]
[TimeControl "180+1"]
[EndTime "14:40:30 PST"]
[Termination "pirulillo won on time"]

1. e4 c5 2. Nf3 d6 3. d4 cxd4 4.
Nxd4 Nf6 5. Nc3 g6 6. Be2 Bg7 7. O-O O-O 8. Bg5 Nc6 9. Nb3 Be6 10. Kh1 Qc8 11. f4 Rd8 12. Nd5 Nxe4 13. Bxe7 Bxd5 14. Bxd8 Ng3+ 15. Kg1 Nxe2+ 16. Qxe2 Qxd8 17. c3 Ne7 18.
Rad1 h5 19. Rfe1 Bxb3 20. axb3 Nf5 21. b4 d5 22. Qb5 d4 23. Qxb7 a5 24. b5 Rb8 25. Qc6 Qh4 26. b6 Qxf4 27. b7 Be5 28. g3 Nxg3 29. hxg3 Qxg3+ 30. Qg2 Qf4 31. Re4 Qf6 32.
cxd4 Bd6 33. Rde1 Kg7 34. Re8 Rxe8 35. Rxe8 Qxd4+ 36. Kf1 Qd1+ 37. Re1 Qd3+ 38. Kg1 Bc5+ 39. Kh1 Bd6 40. Rf1 Qb3 41. Qf3 f5 42. Qxb3 1-0

[Event "Late-Titled-Tuesday-Blitz-February-27-2024"]
[Site "Chess.com"]
[Date "2024.02.27"]
[Round "4"]
[White "lucasran"]
[Black "szachmistrz2500"]
[Result "0-1"]
[WhiteElo "2599"]
[BlackElo "2432"]
[TimeControl "180+1"]
[EndTime "14:40:32 PST"]
[Termination "szachmistrz2500 won by resignation"]

1. Nf3 Nf6 2. c4 g6 3. g3 Bg7 4. Bg2 O-O 5. O-O c5 6. Nc3 Nc6 7. d4 d6 8. dxc5 dxc5 9. Bf4 Be6 10. Ne5 Nxe5 11. Bxe5 Nd7 12. Bxg7 Kxg7 13. Bxb7 Rb8 14. Bd5 Bh3 15. Bg2 Bxg2 16. Kxg2 Rxb2 17. Qa4 Nb6 18.
Qxa7 Qa8+ 19. Qxa8 Rxa8 20. Rfb1 Rxb1 21. Rxb1 Nxc4 22.
a4 Nd6 23. Rb6 c4 24. e4 Ra5 25. f4 f5 26. e5 Ne4 27. Nxe4 fxe4 28. Rb4 Rc5 29. Rb2 Kf7 30. Kf2 c3 31. Rc2 Ke6 32. Ke3 Kd5 33. a5 Kc4 34. a6 Kb3 35. Rc1 Kb2 36. Rg1 c2 37. Kxe4 Ra5 38. g4 Rxa6 39.
f5 Ra4+ 40. Kd5 c1=Q 41. Rxc1 Kxc1 42. f6 exf6 43. exf6 Rxg4 44. Ke5 Rg2 45. f7 Rf2 46. Ke6 g5 47. Ke7 h5 48. f8=Q Rxf8 49. Kxf8 g4 50. Kg7 h4 51. Kg6 g3 52. hxg3 hxg3 53. Kg5 g2 54. Kg4 g1=Q+ 55. Kh3 Kd2 0-1

[Event "Late-Titled-Tuesday-Blitz-February-27-2024"]
[Site "Chess.com"]
[Date "2024.02.27"]
[Round "4"]
[White "ccccvhhhj"]
[Black "pr1105"]
[Result "1-0"]
[WhiteElo "2516"]
[BlackElo "2342"]
[TimeControl "180+1"]
[EndTime "14:40:33 PST"]
[Termination "ccccvhhhj won by resignation"]

1. d4 Nf6 2. Bg5 d5 3. Bxf6 gxf6 4. e3 c5 5. Nf3 Nc6 6. c3 Qb6 7. Qc2 e5 8. Be2 cxd4 9. exd4 exd4 10. O-O dxc3 11.
Nxc3 Be6 12. Bb5 Bg7 13. Rad1 Rd8 14. a3 O-O 15. Bd3 h6 16. h3 Ne5 17. Be2 Rc8 18. Nd4 Rfd8 19. Kh1 Nc4 20. Bxc4 Rxc4 21. Qd2 f5 22.
Nf3 Qb3 23. Rfe1 Kh7 24. Ne5 d4 25. Nxc4 Qxc4 26. Ne2 Rd7 27. Nf4 a6 28. Rc1 Qb5 29. Nxe6 fxe6 30. Rxe6 d3 31. b4 Qd5 32. Rce1 Rc7 33.
R6e3 Bc3 34. Re7+ Kg8 35. Re8+ Kf7 36. Qxh6 Bxe1 37. Qf8+ Kg6 38. Rxe1 d2 39. Qe8+ Rf7 40. Rd1 Kg7 41. Qe3 Rd7 42. Qg3+ Kf6 43. Qc3+ Qd4 44. Qg3 Ke6 45. Qg6+ Qf6 46. Qg3 Qc3 47. Qxc3 1-0

[Event "Late-Titled-Tuesday-Blitz-February-27-2024"]
[Site "Chess.com"]
[Date "2024.02.27"]
[Round "4"]
[White "nindjaxx8"]
[Black "chedimir"]
[Result "1-0"]
[WhiteElo "2676"]
[BlackElo "2453"]
[TimeControl "180+1"]
[EndTime "14:40:35 PST"]
[Termination "nindjaxx8 won on time"]

1. d4 Nf6 2. c4 c5 3. d5 b5 4. cxb5 a6 5. e3 axb5 6. Bxb5 Qa5+ 7. Nc3 Bb7 8. Bd2 e6 9. Nf3 Qb6 10. dxe6 fxe6 11. O-O Be7 12. a4 O-O 13. Rc1 d5 14. Ne2 Nc6 15. Bc3 Ne4 16. Nf4 Nxc3 17. Rxc3 d4 18.
exd4 Rxf4 19. dxc5 Qc7 20. Rd3 Ne5 21. Nxe5 Qxe5 22.
Re1 Qxc5 23. Qe2 Bd5 24. b4 Qd6 25. f3 Raf8 26. h3 Rxb4 27. Red1 Bd8 28. g4 Bb6+ 29. Kh1 Bc7 30. Qg2 Qf4 31. Rf1 Bc4 32. Bxc4 Rxc4 33. Re1 Rc1 34. Rdd1 Rxd1 35. Rxd1 Qxf3 36. Qxf3 Rxf3 37.
Rc1 Rxh3+ 38. Kg2 Rh2+ 39. Kg1 1-0

[Event "Late-Titled-Tuesday-Blitz-February-27-2024"]
[Site "Chess.com"]
[Date "2024.02.27"]
[Round "4"]
[White "yaguigor"]
[Black "czasnaszachy"]
[Result "1-0"]
[WhiteElo "2625"]
[BlackElo "2434"]
[TimeControl "180+1"]
[EndTime "14:40:35 PST"]
[Termination "yaguigor won on time"]

1. d4 Nf6 2. c4 e6 3. Nc3 Bb4 4. Qc2 d5 5. a3 Bxc3+ 6. Qxc3 dxc4 7. Qxc4 b6 8. Bf4 Nd5 9. Bg3 Ba6 10. Qc2 Nd7 11. e4 Bxf1 12. Kxf1 N5f6 13. Bxc7 Qc8 14. Rc1 Qa6+ 15. Ne2 Rc8 16. Qb1 O-O 17. f3 Nc5 18.
dxc5 Rxc7 19. cxb6 Rxc1+ 20. Qxc1 Rc8 21. Qd2 Qxb6 22. g3 Rd8 23. Qc1 Nd7 24. Kg2 Ne5 25. Rd1 Rxd1 26. Qxd1 g5 27. Qd4 Qc7 28. Nc3 h5 29. b4 h4 30. Qc5 Qb8 31. Qe3 f6 32. f4 gxf4 33. gxf4 Ng6 34. Kf3 Qc8 35. Ne2 Qc4 36.
Qxa7 f5 37. Qe3 e5 38. exf5 Nxf4 39. Nxf4 Qf1+ 40. Ke4 exf4 41. Qxf4 Qc4+ 42. Kf3 Qf1+ 43. Kg4 Qg2+ 44. Kxh4 1-0

[Event "Late-Titled-Tuesday-Blitz-February-27-2024"]
[Site "Chess.com"]
[Date "2024.02.27"]
[Round "4"]
[White "SharathRk6"]
[Black "RantomOpening"]
[Result "1/2-1/2"]
[WhiteElo "2364"]
[BlackElo "2565"]
[TimeControl "180+1"]
[EndTime "14:40:35 PST"]
[Termination "Game drawn by agreement"]

1. e4 c5 2. Nf3 e6 3. d4 cxd4 4. Nxd4 Nf6 5. Nc3 Nc6 6. Be3 Bb4 7. Nxc6 bxc6 8. f3 d5 9. Qd3 O-O 10. a3 Ba5 11. b4 Bb6 12. Bxb6 axb6 13. Be2 Ba6 14. Qd2 Bxe2 15. Qxe2 d4 16. Nd1 e5 17. O-O Nh5 18. g3 g6 19. Nf2 Ng7 20. Nd3 Qd6 21. f4 exf4 22. e5 Qe7 23. Rxf4 Ne6 24.
Rf3 c5 25. Rff1 c4 26. Nf4 Nxf4 27. Rxf4 Rad8 28. Qxc4 Qxe5 29. Rd1 Qe3+ 30. Kg2 Qxa3 31. Rfxd4 Rc8 32. Qd3 Qxd3 33. cxd3 Rfe8 34. Rd2 Red8 35. Rxd8+ Rxd8 36. d4 Kg7 37. Kf3 Kf6 38. Ke4 Ke6 39.
d5+ Kd6 40. Rc2 Rb8 41. Rc6+ Kd7 42. b5 Re8+ 43. Kd4 Rb8 44. Ke5 Ke7 45. Rc7+ Ke8 46.
Kd6 Ra8 47. Kc6 Ra1 48. d6 Rc1+ 49. Kxb6 Rd1 50. d7+ Kd8 51. Kb7 f5 52. b6 g5 53.
Rc8+ Kxd7 54. Rc7+ Kd8 55. Rxh7 f4 56. gxf4 gxf4 57.
Rf7 Rd7+ 58. Rxd7+ Kxd7 59. Ka7 f3 60. b7 f2 61. b8=Q f1=Q 62. Qb7+ Ke6 63. Qa6+ 1/2-1/2

[Event "Late-Titled-Tuesday-Blitz-February-27-2024"]
[Site "Chess.com"]
[Date "2024.02.27"]
[Round "4"]
[White "Eeleyah"]
[Black "Cristi_Coca"]
[Result "1-0"]
[WhiteElo "2331"]
[BlackElo "2378"]
[TimeControl "180+1"]
[EndTime "14:40:38 PST"]
[Termination "Eeleyah won by resignation"]

1. d4 Nf6 2. c4 g6 3. g3 Bg7 4.
Bg2 O-O 5. Nc3 d6 6. Nf3 c5 7. d5 a6 8. a4 e6 9. O-O exd5 10. cxd5 Nbd7 11. Bf4 Qe7 12. Re1 Ng4 13. Bg5 f6 14. Bd2 Nge5 15. Qc2 Rb8 16. a5 b5 17. axb6 Nxb6 18.
Nxe5 fxe5 19. e4 Nc4 20. Bc1 Bf6 21. Bf1 Rb4 22. Na2 Nb6 23. Nxb4 cxb4 24. Bxa6 Bxa6 25. Rxa6 Rc8 26. Qb3 Nd7 27. Qxb4 Nc5 28. Ra3 Bg5 29. Rc3 Bxc1 30. Rcxc1 Rf8 31. Qd2 Qb7 32. b4 Nb3 33. Qc3 Nd4 34. Kg2 Rf3 35. Qxf3 Nxf3 36. Kxf3 Qxb4 37. Re3 h5 38. h4 Kf7 39. Rc7+ Kg8 40.
Rec3 Qb2 41. Kg2 Qb1 42. R3c4 Qd3 43. Ra4 Qb3 44. Ra8+ 1-0

[Event "Late-Titled-Tuesday-Blitz-February-27-2024"]
[Site "Chess.com"]
[Date "2024.02.27"]
[Round "4"]
[White "xasid81"]
[Black "jcibarra"]
[Result "1-0"]
[WhiteElo "2623"]
[BlackElo "2928"]
[TimeControl "180+1"]
[EndTime "14:40:40 PST"]
[Termination "xasid81 won by resignation"]

1. d4 Nf6 2. Nf3 g6 3. g3 d6 4. Bg2 Bg7 5. O-O O-O 6. b3 b5 7.
Bb2 Bb7 8. Nbd2 Nbd7 9. Re1 c5 10. c4 bxc4 11. Nxc4 a5 12. dxc5 Nxc5 13. Rc1 Ra6 14. Nd4 Qa8 15. Bxb7 Qxb7 16. Ba3 Rc8 17. Ne3 Nfe4 18.
Bxc5 Nxc5 19. Nf3 a4 20. Qd5 Rb8 21. Ng5 Qxd5 22. Nxd5 e6 23. b4 Nd7 24. Ne7+ Kf8 25.
Nc6 Rbb6 26. Nd8 Ke7 27. Ngxf7 Ra8 28. Rc7 Rxd8 29. Nxd8 Kxd8 30. Rec1 Rxb4 31. Rc8+ Ke7 32. R1c7 Rb2 33. e3 Rb5 34. Ra7 Rc5 35. Rb8 d5 36.
Rbb7 Be5 37. Rxd7+ Ke8 38. Rxh7 Rc8 39. Kg2 Kf8 40.
Rxa4 Kg8 41. Re7 Bf6 42. Rxe6 Kf7 43. Rb6 d4 44. Rxd4 Bxd4 45. exd4 Rc2 46. a4 Rb2 47. Rxb2 1-0

[Event "Late-Titled-Tuesday-Blitz-February-27-2024"]
[Site "Chess.com"]
[Date "2024.02.27"]
[Round "4"]
[White "venturov"]
[Black "cthake"]
[Result "1-0"]
[WhiteElo "2430"]
[BlackElo "1822"]
[TimeControl "180+1"]
[EndTime "14:40:40 PST"]
[Termination "venturov won by checkmate"]

1. e4 c5 2. Nf3 d6 3. d4 cxd4 4.
Nxd4 Nf6 5. Nc3 a6 6. Bc4 e6 7. O-O Be7 8. Re1 Nbd7 9. Bxe6 fxe6 10. Nxe6 Qb6 11. Nxg7+ Kf7 12. Nf5 Ne5 13. Bg5 Be6 14. Nxe7 Kxe7 15. Qh5 Raf8 16. Qh4 Ng6 17. Nd5+ Bxd5 18.
exd5+ Ne5 19. Kh1 h6 20. Bxf6+ Rxf6 21. f4 Qd4 22. Qh3 Qxf4 23. Qb3 b5 24. Qa3 Ra8 25.
h3 Qf5 26. Re2 Kd7 27. Rae1 Qf4 28. Qc3 Rc8 29. Qa5 Qa4 30. Qb6 Rc7 31. Rxe5 dxe5 32. Qxf6 Qf4 33. Qe6+ Kd8 34. d6 Rf7 35. Qd5 Qd4 36.
Qa8+ Kd7 37. Qb7+ Ke6 38. Qc8+ Rd7 39. Qg8+ Rf7 40. Qg6+ Rf6 41. Qe8+ Kd5 42. d7 Qf2 43. d8=Q+ Rd6 44. Qxe5+ Kc6 45. Qdxd6+ Kb7 46. Qc7+ Ka8 47. Qb8# 1-0

[Event "Late-Titled-Tuesday-Blitz-February-27-2024"]
[Site "Chess.com"]
[Date "2024.02.27"]
[Round "4"]
[White "DeArron_Fox"]
[Black "ritanovikova"]
[Result "1-0"]
[WhiteElo "2466"]
[BlackElo "2230"]
[TimeControl "180+1"]
[EndTime "14:40:40 PST"]
[Termination "DeArron_Fox won by checkmate"]

1. d4 g6 2. c4 Bg7 3. Nc3 d6 4. e4 Nc6 5. Be3 e5 6. Nge2 exd4 7. Nxd4 Nxd4 8. Bxd4 Nf6 9. f3 O-O 10. Qd2 a6 11. O-O-O Qe7 12. h4 h5 13. Be2 Rb8 14. Rdg1 Bd7 15. g4 hxg4 16. h5 Nxh5 17. Nd5 Qd8 18.
fxg4 Nf6 19. Nxf6+ Bxf6 20. Kb1 Bxd4 21. Qxd4 f6 22.
g5 Kg7 23. c5 Be6 24. cxd6 Qxd6 25. gxf6+ Rxf6 26. Qc3 Qc6 27. Qe5 Qd6 28. Qg5 Qf4 29. Qg2 Kf7 30. Ka1 Qe5 31. Rf1 Kg7 32. Rxf6 Qxf6 33.
Qh2 Kf7 34. Qxc7+ Qe7 35. Rh7+ Kf6 36. Qxe7+ Ke5 37. Qc7+ Kxe4 38. Qxb8 Bd5 39. Qe8+ Kd4 40. Rd7 Kc5 41. Rxd5+ Kxd5 42. Qxg6 b5 43. Qd3+ Kc5 44. Bf3 a5 45. Qe4 b4 46. Qc6+ Kd4 47. Qd5+ Ke3 48.
Qe4+ Kf2 49. Bg4 Kg3 50. Bf5 Kf2 51. Qd3 b3 52. a4 Kg1 53. Qe2 Kh1 54. Bh3 Kg1 55.
Qg2# 1-0

[Event "Late-Titled-Tuesday-Blitz-February-27-2024"]
[Site "Chess.com"]
[Date "2024.02.27"]
[Round "4"]
[White "LiemLe"]
[Black "Kiborg95"]
[Result "1-0"]
[WhiteElo "3060"]
[BlackElo "2821"]
[TimeControl "180+1"]
[EndTime "14:40:42 PST"]
[Termination "LiemLe won by resignation"]

1. d4 d6 2. Nf3 Nf6 3. g3 Nbd7 4. Bg2 e5 5. c4 c6 6. Nc3 e4 7. Nh4 d5 8. cxd5 cxd5 9. f3 exf3 10. Nxf3 Be7 11. O-O O-O 12. Qb3 Nb6 13. Ne5 Be6 14. a4 a5 15. Bf4 Rc8 16. Rac1 Nh5 17. Be3 Qd6 18. Qa2 Nf6 19. b3 Qa3 20. Qb1 Ne4 21.
Nb5 Qb4 22. Nd3 Nd2 23. Qb2 Nxf1 24. Nxb4 Nxe3 25. Nd3 Rxc1+ 26. Qxc1 Nxg2 27. Qc7 Bd8 28. Qe5 Nd7 29. Qd6 Ne3 30. Nf4 Nf5 31. Qa3 Bf6 32. Kg2 Nxd4 33. Nxd4 Bxd4 34. Nxe6 fxe6 35. Qd6 Nc5 36.
Qe7 h6 37. Kh3 Rf7 38. Qe8+ Rf8 39. Qb5 Kh7 40. Qxa5 Rf2 41. Qb4 Be3 42. Qc3 Rxe2 43. b4 Ne4 44. Qd3 g6 45. Qxe2 Ng5+ 46. Kg2 h5 47. Qxe3 1-0

[Event "Late-Titled-Tuesday-Blitz-February-27-2024"]
[Site "Chess.com"]
[Date "2024.02.27"]
[Round "4"]
[White "GmSergioBarrientos"]
[Black "Andreikka"]
[Result "1/2-1/2"]
[WhiteElo "2728"]
[BlackElo "2951"]
[TimeControl "180+1"]
[EndTime "14:40:42 PST"]
[Termination "Game drawn by repetition"]

1. d4 Nf6 2. c4 e6 3. Nf3 b6 4. a3 Bb7 5. Nc3 d5 6. cxd5 Nxd5 7. Qc2 Nxc3 8. bxc3 Be7 9. e4 O-O 10. Bd3 c5 11.
Bb2 Nd7 12. O-O Rc8 13. Qe2 Qc7 14. Rad1 Nf6 15. Rfe1 Rfd8 16. h3 b5 17. Bb1 a6 18.
d5 c4 19. dxe6 fxe6 20. e5 Bxf3 21. Rxd8+ Bxd8 22. Qxf3 Nd5 23. Bc1 g6 24. Be4 Qf7 25.
Qg3 Be7 26. Bxd5 exd5 27. e6 Qf5 28. Qe3 Bc5 29. Qg3 Re8 30. Bh6 Rxe6 31. Qb8+ Kf7 32. Qc7+ Re7 33. Rxe7+ Bxe7 34. Be3 Qe6 35. Bc5 Ke8 36.
Bxe7 Qxe7 37. Qc8+ Kf7 38. Qxa6 Qd7 39. Qb6 d4 40.
cxd4 Qd5 41. Qc7+ Ke6 42. Qf4 Qf5 43. Qe3+ Kd5 44. f3 Qf6 45. Qe4+ Kd6 46. Kf2 Qf5 47.
Ke2 Qg5 48. g4 Qc1 49. Qe5+ Kd7 50. Qc5 Kd8 51. Qb6+ Kc8 52. Qa6+ Kd8 53. Qa5+ Ke7 54. Qb4+ Ke6 55. Qxb5 Qc2+ 56. Ke3 Qd3+ 57. Kf2 Qxd4+ 58. Kg2 c3 59. Qe2+ Kd5 60. Qb5+ Kd6 61. Qa6+ Kc7 62. Qa5+ Kc6 63. Qa6+ Kc5 64. Qa5+ Kc4 65. Qa4+ Kd3 66. Qd1+ Ke3 67. Qe1+ Kf4 68. Qg3+ Kg5 69. f4+ Kf6 70. g5+ Kf7 71. Qf3 Qd2+ 72. Kg3 c2 73. Qb7+ Ke6 74. Qc6+ Kf5 75. Qb5+ Ke4 76. Qc4+ Ke3 77. Qb3+ Ke2 78. Qf3+ Ke1 79. Qh1+ Ke2 80. Qf3+ Ke1 81. Qh1+ Ke2 82. Qf3+ 1/2-1/2

[Event "Late-Titled-Tuesday-Blitz-February-27-2024"]
[Site "Chess.com"]
[Date "2024.02.27"]
[Round "4"]
[White "Hui_Li_Macau"]
[Black "Ar4uha"]
[Result "0-1"]
[WhiteElo "2365"]
[BlackElo "2588"]
[TimeControl "180+1"]
[EndTime "14:40:42 PST"]
[Termination "Ar4uha won on time"]

1. e4 e5 2. Nf3 Nc6 3. Bb5 a6 4. Ba4 b5 5. Bb3 Na5 6. O-O d6 7. c3 Nxb3 8. axb3 Nf6 9. d4 Bb7 10. Re1 Be7 11. d5 O-O 12. c4 c6 13. Nc3 b4 14.
Nb1 Nd7 15. Be3 f5 16. exf5 Rxf5 17. Qd3 Rf8 18. Nbd2 cxd5 19. cxd5 Nf6 20. Ng5 Bxd5 21. Nde4 Bxe4 22. Nxe4 Nxe4 23. Qxe4 a5 24. Qd5+ Kh8 25. Red1 h6 26. Rd2 Qe8 27. Rxa5 Rxa5 28. Qxa5 Qf7 29. Qd5 Qf5 30. f3 Qb1+ 31. Kf2 Bh4+ 32. g3 Be7 33. Qd3 Qa2 34. Qc4 Qa8 35. Qd5 Qa1 36. Qc4 Qa8 37. Qd5 Qe8 38. Qe4 Qh5 39. Kg1 Rxf3 40. Bf2 Qf7 0-1

[Event "Late-Titled-Tuesday-Blitz-February-27-2024"]
[Site "Chess.com"]
[Date "2024.02.27"]
[Round "4"]
[White "martinmena"]
[Black "WindWhistler11"]
[Result "0-1"]
[WhiteElo "2252"]
[BlackElo "2496"]
[TimeControl "180+1"]
[EndTime "14:40:42 PST"]
[Termination "WindWhistler11 won by checkmate"]

1. c4 Nf6 2. g3 e5 3. Bg2 Be7 4. Nc3 d6 5. e4 O-O 6. Nge2 c6 7. O-O Nbd7 8. d4 Re8 9. b3 a6 10. Bb2 b5 11. cxb5 axb5 12. Qc2 b4 13. Nd1 Ba6 14.
Re1 c5 15. d5 Ng4 16. h3 Nh6 17. Ne3 Bg5 18. f4 exf4 19. gxf4 Bh4 20. Rf1 f5 21.
Nc4 Nb6 22. exf5 Nxc4 23. bxc4 Qd7 24. Be4 Qe7 25. Bf3 Qe3+ 26. Kg2 Bc8 27. Bc1 Qe7 28.
Ng3 Bxg3 29. Kxg3 Nxf5+ 30. Kh2 Nd4 31. Qd1 Qh4 32. Bb2 Qxh3+ 33. Kg1 Qg3+ 34. Kh1 Bh3 35. Bxd4 Bxf1 36. Bb2 Be2 37. Bxe2 Qh3+ 38. Kg1 Re3 39. Bf3 Rxf3 40. Qe2 Rg3+ 41. Kf2 Rg2+ 42. Ke1 Rxe2+ 43. Kxe2 Re8+ 44. Kd2 Qe3+ 45. Kc2 Qe2+ 46. Kb3 Qd3+ 47.
Ka4 Qxc4 48. Rg1 Ra8# 0-1

[Event "Late-Titled-Tuesday-Blitz-February-27-2024"]
[Site "Chess.com"]
[Date "2024.02.27"]
[Round "4"]
[White "Alexei_Gubajdullin"]
[Black "Kirill_Klukin"]
[Result "1-0"]
[WhiteElo "2654"]
[BlackElo "2838"]
[TimeControl "180+1"]
[EndTime "14:40:43 PST"]
[Termination "Alexei_Gubajdullin won by resignation"]

1. d4 Nf6 2. Nf3 d5 3. Bf4 c5 4. e3 Nc6 5. Nbd2 Qb6 6. dxc5 Qxb2 7. c4 Bf5 8. Qc1 Qxc1+ 9. Rxc1 Nb4 10. cxd5 Nfxd5 11. Bb5+ Bd7 12. Bxd7+ Kxd7 13. Ne5+ Ke8 14. a3 Nxf4 15.
exf4 Nd5 16. f5 g6 17. fxg6 hxg6 18.
Rb1 Bg7 19. Nd3 b6 20. O-O Kd7 21. cxb6 axb6 22. Rb3 Nc3 23. Nf3 Kc7 24. Rc1 Kb7 25. Rcxc3 Bxc3 26. Rxc3 Rhc8 27. Rb3 f6 28. h4 e5 29. Nd2 Rc2 30. Ne4 f5 31. Nd6+ Kc7 32.
Nb5+ Kb7 33. Nxe5 Ra4 34. g3 Re4 35. Nxg6 Re1+ 36. Kg2 Ka6 37. h5 Ree2 38. Rf3 Kxb5 39. Rxf5+ Ka4 40. h6 Rc7 41. Nf8 Ree7 42. g4 Kxa3 43. g5 Ka4 44. g6 b5 45. h7 1-0

[Event "Late-Titled-Tuesday-Blitz-February-27-2024"]
[Site "Chess.com"]
[Date "2024.02.27"]
[Round "4"]
[White "northridgehawk"]
[Black "kasparicy"]
[Result "0-1"]
[WhiteElo "2278"]
[BlackElo "2501"]
[TimeControl "180+1"]
[EndTime "14:40:44 PST"]
[Termination "kasparicy won by resignation"]

1. e4 c5 2. d3 d6 3. Nd2 Nc6 4. g3 g6 5. Ngf3 Bg7 6. Bg2 Nf6 7. O-O O-O 8. h4 d5 9. Re1 dxe4 10. Nxe4 Ng4 11.
Nxc5 Qb6 12. d4 Nxd4 13. Nxd4 Qxc5 14. c3 e5 15. Bf3 Nxf2 16. Kxf2 exd4 17. cxd4 Qxd4+ 18. Qxd4 Bxd4+ 19. Kg2 Be6 20. Bxb7 Rab8 21. Bf3 Bxb2 22.
Rb1 Bxc1 23. Rexc1 Bxa2 24. Rxb8 Rxb8 25. Rc7 a5 26. Ra7 Rb2+ 27. Kg1 Rb5 28. Kf2 Kg7 29. Ke3 h5 30. Ra6 Be6 31. Bd1 Rc5 32. Ra7 Kf6 33.
Kd2 Ke5 34. Bc2 Kd6 35. Be4 Ke5 36. Bc2 Kd4 37. Re7 Re5 38. Ra7 Kc4 39. Rb7 Rd5+ 40. Kc1 Rd6 41. Bb3+ Kc3 42. Bxe6 Rxe6 43. Rc7+ Kb3 44.
Rd7 f5 45. Rb7+ Ka3 46. Ra7 a4 47. Rb7 Ka2 48. Kc2 a3 49. Rb3 Rc6+ 50. Rc3 Rxc3+ 51.
Kxc3 Kb1 52. Kd4 a2 53. Ke5 a1=Q+ 54. Kf4 Qc3 55. Kg5 Qxg3+ 56. Kh6 Qxh4 57. Kg7 Qe7+ 58.
Kh6 f4 59. Kxg6 f3 60. Kxh5 f2 61.
Kg4 f1=Q 0-1

[Event "Late-Titled-Tuesday-Blitz-February-27-2024"]
[Site "Chess.com"]
[Date "2024.02.27"]
[Round "4"]
[White "MFatigue"]
[Black "Jahonas"]
[Result "1/2-1/2"]
[WhiteElo "2512"]
[BlackElo "2372"]
[TimeControl "180+1"]
[EndTime "14:40:45 PST"]
[Termination "Game drawn by repetition"]

1. e4 e5 2. Nf3 Nf6 3. d4 Nxe4 4. dxe5 d5 5. Bd3 Nc5 6. O-O Be7 7. h3 O-O 8. Nc3 c6 9. Bf4 g6 10. Qd2 Nxd3 11.
cxd3 Nd7 12. Rae1 Nc5 13. Bh6 Re8 14. Ng5 Ne6 15. Nxe6 fxe6 16. f4 Bf8 17. Bxf8 Rxf8 18. Kh2 Qe7 19. g4 Bd7 20. Ne2 Rf7 21. Ng3 Raf8 22.
Rf2 Qc5 23. Ref1 Qd4 24. Ne2 Qa4 25. b3 Qa3 26. Ng3 a5 27. f5 exf5 28. gxf5 Bxf5 29. Nxf5 gxf5 30. Qh6 Qe7 31. d4 Kh8 32. Rg2 f4 33. Rfg1 f3 34. Rf2 Rg8 35. Rxg8+ Kxg8 36. Qh5 Qe6 37.
Rxf3 Rxf3 38. Qxf3 Kg7 39. Qg4+ Qxg4 40. hxg4 b6 41.
Kg3 Kf7 42. Kf4 c5 43. Ke3 Ke6 44. Kd3 h6 45. Ke3 Kf7 46. Kd3 Ke6 47. Kc3 Ke7 48.
a3 Ke6 49. Kd3 Ke7 50. Kc3 Ke6 51. Kd3 Ke7 52. Kc3 1/2-1/2